 Dungeon Crawl Stone Soup version 0.31-a0-198-g2ad674f65e (webtiles) character file.

Game seed: 17653351306539037884

389 qw the Skirmisher (level 6, -2/35 HPs)
             Began as a Deep Elf Hunter on June 25, 2023.
             Was a Follower of Okawaru.
             Frozen to death by an endoplasm (3 damage)
             ... in a sewer.
             The game lasted 00:01:06 (1978 turns).

qw the Skirmisher (Deep Elf Hunter)                 Turns: 1978, Time: 00:01:06

Health: -2/35      AC:  6    Str: 14    XL:     6   Next: 49%
Magic:  5/8        EV: 15    Int: 18    God:    Okawaru [*.....]
Gold:   124        SH:  0    Dex: 22    Spells: 5/5 levels left

rFire   . . .        Y - +1 shortbow
rCold   . . .        (shield currently unavailable)
rNeg    . . .        a - +4 robe of Augmentation {Str+4 Int+4 Dex+4}
rPois   .            (no helmet)
rElec   .            (no cloak)
rCorr   .            (no gloves)
SInv    .            (no boots)
Will    .....        (no amulet)
Stlth   ++           (no ring)
HPRegen 0.25/turn    (no ring)
MPRegen 0.11/turn

%: no passive effects
@: no status effects
A: no striking features
a: Renounce Religion, Heroism


You were in a sewer.
You worshipped Okawaru.
Okawaru was aware of your devotion.
You visited 1 branch of the dungeon, and saw 3 of its levels.
You also visited: Sewer.

You collected 124 gold pieces.


   Skills:
 - Level 2.0 Fighting
 + Level 9.3 Ranged Weapons
 - Level 4.3 Dodging
 - Level 1.2 Stealth
 + Level 0.0 Invocations


You had 5 spell levels left.
You didn't know any spells.
Your spell library was empty.

Inventory:

Hand Weapons
 Y - a +1 shortbow (weapon)
Armour
 a - the +4 robe of Augmentation (worn) {Str+4 Int+4 Dex+4}
   (You found it on level 2 of the Dungeon)

   Str:       It affects your strength (+4).
   Int:       It affects your intelligence (+4).
   Dex:       It affects your dexterity (+4).
Jewellery
 f - a ring of fire
Scrolls
 b - 2 scrolls of identify
 e - a scroll of revelation {unknown}
Potions
 c - a potion of resistance
 d - a potion of might
 h - a potion of curing {unknown}
 i - a potion of enlightenment {unknown}
 j - a potion of mutation {unknown}
 k - a potion of magic {unknown}

Dungeon Overview and Level Annotations

Branches:
Dungeon (3/15)              Sewer (1/1)

Altars:
Okawaru


Message History

The bullfrog hits you. The frilled lizard bites you.
The endoplasm splashes around in the water.
You shoot an arrow. The arrow barely misses the bullfrog.
The bullfrog hits you but does no damage.
The frilled lizard completely misses you.
You shoot an arrow. The arrow hits the bullfrog!
You kill the bullfrog!
Okawaru accepts your kill.
You can now gain great but temporary skills.
The endoplasm freezes you.
You are frozen.
You shoot an arrow.
The arrow barely misses the frilled lizard.
The frilled lizard barely misses you.
The endoplasm hits you but does no damage.
You shoot an arrow.
The arrow closely misses the frilled lizard.
The frilled lizard completely misses you.
The rat splashes around in the water.
You shoot an arrow.
The arrow closely misses the frilled lizard.
The endoplasm hits you but does no damage.
The frilled lizard unfolds its giant frill.
The frilled lizard bites you but does no damage.
The rat completely misses you.
You shoot an arrow. The arrow misses the frilled lizard.
The endoplasm completely misses you.
You shoot an arrow.
The arrow hits the frilled lizard but does no damage.
The frilled lizard barely misses you. The rat misses you.
The endoplasm barely misses you.
You shoot an arrow. The arrow hits the frilled lizard.
You kill the frilled lizard!
Okawaru accepts your kill. The rat bites you.
You shoot an arrow. The arrow barely misses the endoplasm.
You feel like a meek peon again. The endoplasm freezes you.
You are frozen.
You die...

.....#
.~.~## #...~
.# ~~~~~#
#~~~~~~#
~~~~~#
#~~~~~~#
~~~~~#
#~~%~~~#
~~~~~#
#~~~~~~#
~~~~~#
#~~~~#~#
~~~~~#
#~~~~r%#
~~~~~#
#~~~J@~#
.~.~~#
#~~~~.~#
~[).~#
#~~~#~~#
.~~.~#
#~~~~~~#
~~~~~#
#~~~~~~#
~~~~~#
#~~~~~~#
~~~~~#
#~~~~~~#
~~~~~#
#~~~~~~#
~~~%~#
#####~~~~~~#


You could see an endoplasm and a rat.

Vanquished Creatures
  2 bullfrogs (Sewer)
  Natasha (twice) (D:2)
  An orc wizard (D:3)
  4 river rats (Sewer)
  8 adders
  A dart slug (D:3)
  4 orcs (D:3)
  6 endoplasms
  4 giant cockroaches
  6 goblins
  2 hobgoblins (D:2)
  A kobold (D:2)
  A quokka (D:1)
  16 ball pythons
  2 bats
  5 frilled lizards
  31 rats
96 creatures vanquished.

Notes
Turn   | Place    | Note
-------+----------+-------------------------------------------
     0 | D:1      | qw the Deep Elf Hunter began the quest for the Orb.
     0 | D:1      | Reached XP level 1. HP: 12/12 MP: 3/3
     0 | D:1      | 0 ||| qw: Version: 0.3-a-22-g0ed2b0b
     0 | D:1      | 0 ||| qw: Game counter: 4949
     0 | D:1      | 0 ||| qw: Melee chars always use a shield: true
     0 | D:1      | 0 ||| qw: God list: Okawaru
     0 | D:1      | 0 ||| qw: Allow faded altars: false
     0 | D:1      | 0 ||| qw: Do Orc after clearing Dungeon:15 true
     0 | D:1      | 0 ||| qw: Do second Lair branch before Depths: true
     0 | D:1      | 0 ||| qw: Lair rune preference: random
     0 | D:1      | 0 ||| qw: Goals: Normal
     0 | D:1      | 0 ||| PLANNING D:1-11
   360 | D:1      | Reached skill level 6 in Ranged Weapons
   360 | D:1      | Reached XP level 2. HP: 16/16 MP: 4/4
   811 | D:1      | 811 ||| READING scroll labelled HIDOAMM WISKI.
   812 | D:1      | 812 ||| READING scroll labelled JIALEPH TUOLAE.
   813 | D:1      | 813 ||| DROPPING scroll of butterflies.
   851 | D:2      | Found the +4 robe of Augmentation {Str+4 Int+4 Dex+4}
   907 | D:2      | Noticed Natasha
   909 | D:2      | 909 ||| FLEEEEING.
   910 | D:2      | 910 ||| FLEEEEING.
   911 | D:2      | 911 ||| FLEEEEING.
   912 | D:2      | 912 ||| FLEEEEING.
   913 | D:2      | 913 ||| FLEEEEING.
   914 | D:2      | 914 ||| FLEEEEING.
   915 | D:2      | 915 ||| FLEEEEING.
   920 | D:2      | 920 ||| FLEEEEING.
   921 | D:2      | 921 ||| FLEEEEING.
   922 | D:2      | 922 ||| FLEEEEING.
   923 | D:2      | 923 ||| FLEEEEING.
   928 | D:2      | HP: 2/16 [Natasha (6)]
   932 | D:2      | Killed Natasha
   933 | D:2      | Reached skill level 7 in Ranged Weapons
   933 | D:2      | Reached XP level 3. HP: 2/20 MP: 5/5
   961 | D:2      | Noticed Natasha
   962 | D:2      | 962 ||| FLEEEEING.
   963 | D:2      | 963 ||| FLEEEEING.
   973 | D:2      | 973 ||| STAIRDANCE
  1011 | D:1      | 1011 ||| UPGRADING to +4 robe of Augmentation {Str+4 Int+4
                  | Dex+4}.
  1021 | D:1      | 1021 ||| DROPPING +0 leather armour.
  1074 | D:2      | Found an iron altar of Okawaru.
  1075 | D:2      | 1075 ||| PLANNING OKAWARU WORSHIP
  1078 | D:2      | 1078 ||| DRINKING 2 clear potions.
  1087 | D:2      | Became a worshipper of Warmaster Okawaru
  1088 | D:2      | 1088 ||| PLANNING D:1-11
  1242 | D:2      | Killed Natasha
  1243 | D:2      | Reached skill level 3 in Dodging
  1243 | D:2      | Reached XP level 4. HP: 14/25 MP: 6/6
  1431 | D:2      | You fall into a shaft and drop 1 floor!
  1445 | D:3      | 1445 ||| PLANNING SEWER
  1451 | D:3      | 1451 ||| Stepping ~*~*~tactically~*~*~ (outnumbered).
  1562 | D:3      | Found a glowing drain.
  1574 | D:3      | 1574 ||| READING scroll labelled FAEMEG VULOFEP.
  1575 | D:3      | 1575 ||| DRINKING 2 viscous white potions.
  1576 | D:3      | 1576 ||| DRINKING 2 fuming green potions.
  1577 | D:3      | 1577 ||| DRINKING 2 fizzy yellow potions.
  1578 | D:3      | 1578 ||| DROPPING potion of brilliance.
  1595 | D:3      | Reached XP level 5. HP: 29/29 MP: 7/7
  1603 | D:3      | Reached skill level 8 in Ranged Weapons
  1610 | Sewer    | Entered a sewer
  1641 | Sewer    | 1641 ||| Stepping ~*~*~tactically~*~*~ (water).
  1785 | Sewer    | 1785 ||| Stepping ~*~*~tactically~*~*~ (water).
  1787 | Sewer    | 1787 ||| Stepping ~*~*~tactically~*~*~ (water).
  1789 | Sewer    | 1789 ||| Stepping ~*~*~tactically~*~*~ (water).
  1804 | Sewer    | 1804 ||| Stepping ~*~*~tactically~*~*~ (water).
  1824 | Sewer    | Reached skill level 9 in Ranged Weapons
  1937 | Sewer    | 1937 ||| Stepping ~*~*~tactically~*~*~ (water).
  1944 | Sewer    | Reached * piety under Okawaru
  1946 | Sewer    | 1946 ||| INVOKING Heroism.
  1953 | Sewer    | Reached XP level 6. HP: 12/35 MP: 5/8
  1957 | Sewer    | HP: 8/35 [bullfrog (4)]
  1958 | Sewer    | 1958 ||| DRINKING potion of heal wounds.
  1965 | Sewer    | 1965 ||| INVOKING Heroism.
  1965 | Sewer    | HP: 7/35 [frilled lizard (3)]
  1971 | Sewer    | HP: 1/35 [frozen (3)]
  1977 | Sewer    | HP: 1/35 [rat (1)]
  1978 | Sewer    | Frozen to death by an endoplasm

Levels and vault maps discovered:
D:1:      dpeg_arrival_water_temple_mockup, layout_basic,
          dreamdust_mushroom_princess, nicolae_hexahallways,
          minmay_misc_feat_tiny, amcnicky_mini_rare_corridor_liquid
D:2:      layout_basic, basic_altar, uniq_natasha
D:3:      layout_rooms, amethyst_overflow_temple_binary, gup_sewer_entry_glass
Sewer:    sewer_minmay_w

Skill      XL: |  1  2  3  4  5  6 |
---------------+-------------------+-----
Ranged Weapons | 6 7 9 |  9.3
Dodging        | 3 4 |  4.3
Fighting       | 2 |  2.0
Stealth        | |  1.2

Action                     |  1- 3 |  4- 6 || total
---------------------------+-------+-------++-------
   Fire: Shortbow          |    62 |   214 ||   276
 Invoke: Heroism           |       |     2 ||     2
    Use: Scroll            |     2 |     1 ||     3
         Potion            |     1 |     4 ||     5
 Armour: Leather armour    |     2 |       ||     2
         Robe              |     1 |    46 ||    47
  Dodge: Dodged            |    11 |   141 ||   152

Table legend:
 A = Non-vault XP
 B = Vault XP
 C = Vault XP percentage of total XP
 D = Non-vault monster count
 E = Vault monster count
 F = Vault count percentage of total count
                 A         B        C        D         E       F
            +---------+---------+-------+---------+---------+-------
      Total |     145 |     411 |  73.9 |      36 |      60 |  62.5
            +---------+---------+-------+---------+---------+-------
        D:1 |      16 |       0 |   0.0 |       9 |       0 |   0.0
        D:2 |      75 |      35 |  31.8 |      19 |       1 |   5.0
        D:3 |      54 |      31 |  36.5 |       8 |       4 |  33.3
      Sewer |       0 |     345 | 100.0 |       0 |      55 | 100.0
            +---------+---------+-------+---------+---------+-------
